 Dungeon Crawl Stone Soup version 0.26.0-16-gc1dbca0489 (webtiles) character file.

Game seed: 16137678313237564439

885 leafyfresh the Magician (level 8, -1/57 HPs)
             Began as a Gnoll Hedge Wizard on Jan 18, 2021.
             Slain by a gnoll
             ... wielding a +0 spear
              (8 damage)
             ... on level 5 of the Dungeon.
             The game lasted 00:15:03 (7778 turns).

leafyfresh the Magician (Gnoll Hedge Wizard)        Turns: 7778, Time: 00:15:03

Health: -1/57      AC:  3    Str: 12    XL:     8   Next: 5%
Magic:  6/19       EV: 15    Int: 20    God:
Gold:   213        SH:  0    Dex: 14    Spells: 11/22 levels left

rFire    + . .     SeeInvis +   A - +1 falchion (holy)
rCold    x . .     Faith    .   (no shield)
rNeg     . . .     Spirit   .   b - +0 robe
rPois    .         Reflect  .   r - +0 helmet
rElec    .         Harm     .   (no cloak)
rCorr    .         Rampage  .   (no gloves)
Will     .....                  (no boots)
Stlth    +++.......             (no amulet)
HPRegen  0.19/turn              h - ring of see invisible
MPRegen  0.16/turn              t - ring of fire

@: no status effects
A: distributed training, fangs 1, strong nose
a: no special abilities


You were on level 5 of the Dungeon.
You visited 2 branches of the dungeon, and saw 7 of its levels.

You collected 213 gold pieces.

Inventory:

Hand Weapons
 m - a +0 arbalest
 v - a +0 whip
 A - a +1 falchion of holy wrath (weapon)
Missiles
 E - 13 bolts
Armour
 b - a +0 robe (worn)
 c - a +0 hat
 r - a +0 helmet (worn)
 s - a +0 chain mail
 D - a +1 helmet
Jewellery
 h - a ring of see invisible (left hand)
 t - a ring of fire (right hand)
Wands
 u - a wand of polymorph (8)
 y - a wand of flame (14)
 B - a wand of digging (1)
Scrolls
 a - a scroll of identify
 d - 4 scrolls of remove curse
 e - 3 scrolls of enchant weapon
 f - 3 scrolls of amnesia
 g - 2 scrolls of random uselessness {unknown}
 j - 2 scrolls of fog {unknown}
 n - 3 scrolls of teleportation {unknown}
 p - a scroll of magic mapping {unknown}
 w - a scroll of fear {unknown}
Potions
 i - a potion of cancellation {unknown}
 k - 2 potions of haste
 l - 3 potions of brilliance {unknown}
 o - 2 potions of might
 q - a potion of attraction {unknown}
 x - a potion of curing {unknown}
 z - a potion of heal wounds {unknown}
 C - 2 potions of flight {unknown}


   Skills:
 + Level 2.9 Fighting
 + Level 2.9 Short Blades
 + Level 2.9 Long Blades
 + Level 2.9 Axes
 + Level 2.9 Maces & Flails
 + Level 2.9 Polearms
 + Level 2.9 Staves
 + Level 2.9 Slings
 + Level 2.9 Bows
 + Level 2.9 Crossbows
 + Level 2.9 Throwing
 + Level 2.9 Armour
 + Level 5.4 Dodging
 + Level 5.1 Stealth
 + Level 2.9 Shields
 + Level 2.9 Unarmed Combat
 + Level 7.7 Spellcasting
 + Level 3.2 Conjurations
 + Level 2.3 Hexes
 + Level 3.2 Summonings
 + Level 2.3 Necromancy
 + Level 3.2 Translocations
 + Level 2.3 Transmutations
 + Level 2.3 Fire Magic
 + Level 2.3 Ice Magic
 + Level 2.3 Air Magic
 + Level 2.3 Earth Magic
 + Level 2.3 Poison Magic
 + Level 3.2 Invocations
 + Level 2.9 Evocations


You had 11 spell levels left.
You knew the following spells:

 Your Spells              Type           Power        Failure   Level
a - Magic Dart            Conj           80%          2%          1
b - Mephitic Cloud        Conj/Pois/Air  18%          9%          3
c - Blink                 Tloc           N/A          3%          2
d - Conjure Flame         Conj/Fire      28%          9%          3
e - Call Imp              Summ           20%          3%          2

Your spell library contained the following spells:

 Spells                   Type           Power        Failure   Level
 Searing Ray              Conj           40%          3%          2
 Slow                     Hex            17%          4%          2
 Dazzling Flash           Conj/Hex       36%          9%          3
 Iskenderun's Mystic Bla  Conj/Tloc      20%          22%         4
 Fulminant Prism          Conj/Hex       9%           28%         4


Dungeon Overview and Level Annotations

Branches:
Dungeon (6/15)             Temple (1/1) D:4

Altars:
Fedhas
Gozag
Hepliaklqana
Kikubaaqudgha
Makhleb
Nemelex Xobeh
Trog
Uskayaw
Wu Jian
Xom
Yredelemnul
Zin
The Shining One

Shops:
D:4 [


Innate Abilities, Weirdness & Mutations

Your experience applies equally to all skills.
You have very sharp teeth.
Your uncanny sense of smell can sniff out nearby items.


Message History

The bullfrog hits you.
* * * LOW HITPOINT WARNING * * *
You climb upwards.
There is a stone staircase leading down here.
The bullfrog hits you.
* * * LOW HITPOINT WARNING * * *
The bullfrog misses you.
You see here a book of Conjurations.
You pick up a book of Conjurations and begin reading...
You add the spells Searing Ray, Dazzling Flash, Fulminant Prism and Iskenderun's Mystic Blast to your library.
The bullfrog hits you.
* * * LOW HITPOINT WARNING * * *
Unknown command.
A gnoll comes into view. It is wielding a +0 spear.
The bullfrog misses you.
You riposte.
You closely miss the bullfrog.
The gnoll shouts!
You bite the bullfrog, but do no damage.
The bullfrog completely misses you.
The gnoll hits you from afar with a +0 spear!
You die...

.......# ##.#..##
#.###o###########.#....#
#.# #.og.>....g.......##
#.# ###############>###
#.. #g# ### #.# # #.#
#####.####g#
.....g.@.F.#
#####.###### #


You could see a bullfrog and 2 gnolls.

Vanquished Creatures
  2 ogres (D:4)
  A centaur (D:4)
  A bullfrog (D:6)
  A howler monkey (D:5)
  2 bullfrog skeletons (D:4)
  2 hounds
  An orc wizard (D:4)
  An iguana (D:4)
  4 worker ants
  12 adders
  A white imp (D:5)
  An ufetubus (D:5)
  3 worms
  2 leopard geckos
  19 orcs
  2 ball pythons (D:4)
  4 giant cockroaches
  11 goblins
  6 hobgoblins
  16 jackals
  4 quokkas
  A ball python skeleton (D:4)
  8 bats
  4 frilled lizards
  10 kobolds
  A quokka skeleton (D:4)
  2 quokka zombies (D:5)
  12 rats
134 creatures vanquished.

Notes
Turn   | Place    | Note
-------+----------+-------------------------------------------
     0 | D:1      | leafyfresh the Gnoll Hedge Wizard began the quest for the
                  | Orb.
     0 | D:1      | Reached XP level 1. HP: 13/13 MP: 8/8
     3 | D:1      | Noticed an electric eel
     3 | D:1      | Noticed an electric eel
   136 | D:1      | Reached XP level 2. HP: 19/19 MP: 10/10
   918 | D:1      | Reached XP level 3. HP: 20/25 MP: 7/11
  1674 | D:2      | Reached skill level 1 in Invocations
  1816 | D:2      | Reached skill level 1 in Fighting
  1816 | D:2      | Reached skill level 1 in Short Blades
  1816 | D:2      | Reached skill level 1 in Long Blades
  1816 | D:2      | Reached skill level 1 in Axes
  1816 | D:2      | Reached skill level 1 in Maces & Flails
  1816 | D:2      | Reached skill level 1 in Polearms
  1816 | D:2      | Reached skill level 1 in Staves
  1816 | D:2      | Reached skill level 1 in Slings
  1816 | D:2      | Reached skill level 1 in Bows
  1816 | D:2      | Reached skill level 1 in Crossbows
  1816 | D:2      | Reached skill level 1 in Throwing
  1816 | D:2      | Reached skill level 1 in Armour
  1816 | D:2      | Reached skill level 1 in Shields
  1816 | D:2      | Reached skill level 1 in Unarmed Combat
  1816 | D:2      | Reached skill level 1 in Evocations
  2247 | D:3      | Reached XP level 4. HP: 31/32 MP: 13/13
  2622 | D:3      | Reached skill level 1 in Hexes
  2622 | D:3      | Reached skill level 1 in Necromancy
  2622 | D:3      | Reached skill level 1 in Transmutations
  2622 | D:3      | Reached skill level 1 in Fire Magic
  2622 | D:3      | Reached skill level 1 in Ice Magic
  2622 | D:3      | Reached skill level 1 in Air Magic
  2622 | D:3      | Reached skill level 1 in Earth Magic
  2622 | D:3      | Reached skill level 1 in Poison Magic
  2702 | D:3      | Learned a level 3 spell: Mephitic Cloud
  2705 | D:3      | Learned a level 2 spell: Blink
  2709 | D:3      | Learned a level 3 spell: Conjure Flame
  2712 | D:3      | Learned a level 2 spell: Call Imp
  3036 | D:3      | Reached XP level 5. HP: 26/37 MP: 5/14
  3630 | D:4      | Found a staircase to the Ecumenical Temple.
  3638 | Temple   | Entered the Ecumenical Temple
  3780 | D:4      | Noticed an ogre
  3787 | D:4      | Killed an ogre
  3788 | D:4      | Reached XP level 6. HP: 42/44 MP: 16/16
  4146 | D:4      | Reached skill level 5 in Dodging
  4205 | D:4      | Found Heggeagule's Antique Armour Shoppe.
  4436 | D:4      | Reached XP level 7. HP: 31/50 MP: 7/18
  5260 | D:4      | Found an opulent altar of Gozag.
  6438 | D:4      | Found a glowing silver altar of Zin.
  6718 | D:5      | Entered Level 5 of the Dungeon
  7146 | D:4      | Reached skill level 5 in Stealth
  7663 | D:6      | Reached XP level 8. HP: 15/57 MP: 19/19
  7672 | D:5      | Found a burning altar of Makhleb.
  7778 | D:5      | Slain by a gnoll

Illustrated notes

Levels and vault maps discovered:
D:1:      arrival_aquarium_b, layout_basic, hex_intersection
D:2:      layout_loops_ring
D:3:      layout_basic
D:4:      layout_loops_corners, pdpol_temple_overflow_zin_treasury_gozag_greed,
          minmay_temple_entry_water_ring, serial_shops, shop_statue,
          portal_sewer_entry_e, minmay_distorted
D:5:      layout_loops_ring, minitemple
D:6:      layout_loops_ring
Temple:   compressed_dpeg_circular_temple

Skill      XL: |  1  2  3  4  5  6  7 |
---------------+----------------------+-----
Conjurations   | 2 3 |  3.2
Summonings     | 2 3 |  3.2
Translocations | 2 3 |  3.2
Invocations    | 1 2 3 |  3.2
Fighting       | 1 2 |  2.9
Short Blades   | 1 2 |  2.9
Long Blades    | 1 2 |  2.9
Axes           | 1 2 |  2.9
Maces & Flails | 1 2 |  2.9
Polearms       | 1 2 |  2.9
Staves         | 1 2 |  2.9
Slings         | 1 2 |  2.9
Bows           | 1 2 |  2.9
Crossbows      | 1 2 |  2.9
Throwing       | 1 2 |  2.9
Armour         | 1 2 |  2.9
Shields        | 1 2 |  2.9
Unarmed Combat | 1 2 |  2.9
Evocations     | 1 2 |  2.9
Hexes          | 1 2 |  2.3
Necromancy     | 1 2 |  2.3
Transmutations | 1 2 |  2.3
Fire Magic     | 1 2 |  2.3
Ice Magic      | 1 2 |  2.3
Air Magic      | 1 2 |  2.3
Earth Magic    | 1 2 |  2.3
Poison Magic   | 1 2 |  2.3
Dodging        | 5 |  5.4
Stealth        | 5 |  5.1
Spellcasting   | |  7.7

Action                   |  1- 3 |  4- 6 |  7- 9 || total
-------------------------+-------+-------+-------++-------
Melee: Dagger            |   138 |   134 |     9 ||   281
       Bite              |    13 |    10 |    26 ||    49
       Punch             |       |     1 |       ||     1
       Falchion          |       |       |    80 ||    80
 Cast: Magic Dart        |    25 |   103 |    69 ||   197
       Mephitic Cloud    |       |     1 |     8 ||     9
       Blink             |       |       |    16 ||    16
  Use: Scroll            |       |       |     5 ||     5
 Stab: Sleeping          |     8 |    10 |       ||    18
       Confused          |       |     1 |     2 ||     3
Armor: Robe              |    30 |    37 |    29 ||    96
Dodge: Dodged            |   117 |   172 |   160 ||   449
       Rpst.: Falchion   |       |       |    55 ||    55
